 Dungeon Crawl Stone Soup version 0.31.0-12-g77e489cdc1 (webtiles) character file.

Game seed: 2250968077350607161

1536 lordive the Cruncher (level 8, -3/50 HPs)
             Began as a Gargoyle Gladiator on Feb 28, 2024.
             Slain by an unseen horror (8 damage)
             ... on level 6 of the Dungeon.
             The game lasted 00:08:31 (4320 turns).

lordive the Cruncher (Gargoyle Gladiator)           Turns: 4320, Time: 00:08:32

Health: -3/50      AC: 11    Str: 19    XL:     8   Next: 86%
Magic:  8/8        EV: 13    Int: 10    God:
Gold:   204        SH:  0    Dex: 11    Spells: 7/7 levels left

rFire   + . .        y - +4 long sword (holy)
rCold   + . .        (no shield)
rNeg    + . .        b - +0 leather armour
rPois   ∞            c - +0 helmet
rElec   +            (no cloak)
rCorr   +            s - +0 pair of gloves
SInv    .            (no boots)
Will    .....        (no amulet)
Stlth   +            j - ring of wizardry
HPRegen 0.28/turn    (no ring)
MPRegen 0.11/turn

%: wizardry (x1)
@: resistant
A: sickness immunity, AC +5, negative energy resistance 1, electricity
resistance, torment resistance 1, petrification resistance
a: no special abilities


You were on level 6 of the Dungeon.
You visited 2 branches of the dungeon, and saw 7 of its levels.

You collected 204 gold pieces.

Inventory:

Hand Weapons
 a - a +0 quarterstaff
 f - a +2 whip of electrocution
 y - a +4 long sword of holy wrath (weapon)
 A - a +2 antimagic whip
 D - a +1 mace of protection
Missiles
 d - 3 throwing nets (quivered)
 e - a javelin
 z - 13 poisoned darts
Armour
 b - a +0 leather armour (worn)
 c - a +0 helmet (worn)
 s - a +0 pair of gloves (worn)
 v - a +0 ring mail
Jewellery
 j - a ring of wizardry (left hand)
Talismans
 q - a beast talisman
Wands
 w - a wand of paralysis (4)
 E - a wand of acid (6)
Scrolls
 g - 4 scrolls of teleportation {unknown}
 h - a scroll of vulnerability {unknown}
 i - 2 scrolls of noise {unknown}
 k - 4 scrolls of identify {unknown}
 p - a scroll of poison {unknown}
 u - a scroll of fear {unknown}
 x - a scroll of amnesia {unknown}
Potions
 l - a potion of cancellation
 m - 2 potions of resistance
 o - a potion of might {unknown}
 r - 3 potions of brilliance {unknown}
 t - 2 potions of curing {unknown}
 B - a potion of mutation {unknown}
 C - a potion of ambrosia {unknown}


   Skills:
 + Level 5.6 Fighting
 + Level 8.5 Staves
 - Level 1.7 Throwing
 + Level 3.3 Armour
 + Level 4.4 Dodging


You had 7 spell levels left.
You didn't know any spells.
Your spell library contained the following spells:

 Spells                   Type           Power      Damage    Failure   Level
 Static Discharge         Conj/Air       0%         3-3/arc   26%         2
 Fugue of the Fallen      Necr           0%         N/A       45%         3
 Ozocubu's Armour         Ice            0%         N/A       45%         3
 Airstrike                Air            0%         2d(0-16)  83%         4
 Manifold Assault         Tloc           0%         N/A       83%         4
 Summon Lightning Spire   Summ/Air       0%         N/A       83%         4
 Vhi's Electric Charge    Tloc/Air       0%         N/A       83%         4
 Arcjolt                  Conj/Air       0%         1d10      99%         5
 Plasma Beam              Fire/Air       0%         2x1d10    100%        6


Dungeon Overview and Level Annotations

Branches:
Dungeon (6/15)             Temple (1/1) D:5

Altars:
Ashenzari
Cheibriados
Elyvilon
Gozag
Makhleb
Okawaru
Ru
Sif Muna
Trog
Uskayaw
Yredelemnul
Zin
The Shining One

Shops:
D:1 [   D:6 (

Annotations:
Temple 2 transporters


Innate Abilities, Weirdness & Mutations

You are immune to sickness and miasma.
Your stone body is resilient. (AC +5)
You are immune to poison.
You resist negative energy. (rN+)
You are resistant to electric shocks. (rElec)
You are resistant to unholy torment.
You are immune to petrification.


Message History

Something hits you but does no damage. Something hits you. Something hits you.
Something hits you but does no damage. Something hits you.
You miss something. Something hits you. Something hits you. Something hits you.
Something barely misses you. Something hits you but does no damage.
Something hits you. Something hits you but does no damage. Something hits you.
Something hits you but does no damage. Something barely misses you.
Something hits you. Something hits you but does no damage.
You thump something! Something hits you. Something hits you!
* * * LOW HITPOINT WARNING * * *
You barely miss something. Something hits you.
* * * LOW HITPOINT WARNING * * *
You closely miss something. Something hits you.
* * * LOW HITPOINT WARNING * * *
Something hits you.
* * * LOW HITPOINT WARNING * * *
You closely miss something. Something hits you.
* * * LOW HITPOINT WARNING * * *
You feel much better. Something hits you.
Something hits you but does no damage. Something hits you.
Your +4 long sword of holy wrath softly glows with a divine radiance!
y - a +4 long sword of holy wrath (weapon)
Something hits you!
* * * LOW HITPOINT WARNING * * *
You hit something. Something hits you!
* * * LOW HITPOINT WARNING * * *
It was a potion of cancellation.
You feel magically purged. Something hits you but does no damage.
It was a potion of resistance.
You feel protected. Something hits you!
You die...

##..###.# #
#..##..#
#..######..##.##
#.......#.##.#
#######...##.#
######...##.#
#######........#..#
.##.......####.#.##
..<.###...# ##@#
#..## ##### #.#
##.... #.# #####.#
#.## ...# #
########..### #...
#.....†.....# ..
...)####....# #
#####..##
##...##..#


There were no monsters in sight!

Vanquished Creatures
  Sigmund (D:2)
  2 black bears
  A kobold brigand (D:5)
  A bullfrog (D:6)
  5 scorpions
  A jelly (D:6)
  2 bombardier beetles
  An orc priest (D:6)
  3 hounds
  Terence (D:2)
  3 iguanas
  2 sleepcaps
  6 orc wizards
  10 adders
  2 ufetubi (D:5)
  2 dart slugs
  3 ribbon worms
  15 orcs
  8 bats
  4 endoplasms
  8 giant cockroaches
  7 goblins
  6 hobgoblins
  8 jackals
  2 quokkas
  6 ball pythons
  5 frilled lizards
  24 kobolds
  6 rats
145 creatures vanquished.

Vanquished Creatures (others)
  An orc wizard (D:5)
  A kobold (D:5)
2 creatures vanquished.

Grand Total: 147 creatures vanquished

Notes
Turn   | Place    | Note
-------+----------+-------------------------------------------
     0 | D:1      | lordive the Gargoyle Gladiator began the quest for the Orb.
     0 | D:1      | Reached XP level 1. HP: 12/12 MP: 1/1
    65 | D:1      | Reached XP level 2. HP: 17/17 MP: 2/2
   244 | D:1      | Reached XP level 3. HP: 22/22 MP: 3/3
   289 | D:1      | Found Sial's Armour Emporium.
   912 | D:2      | Noticed Sigmund
   919 | D:2      | HP: 1/22 [adder (1)]
   923 | D:2      | Reached skill level 4 in Staves
   923 | D:2      | Reached XP level 4. HP: 25/27 MP: 4/4
   935 | D:2      | Killed Sigmund
   936 | D:2      | Reached skill level 5 in Staves
   936 | D:2      | Reached skill level 1 in Armour
   936 | D:2      | Reached XP level 5. HP: 10/32 MP: 5/5
   936 | D:2      | Reached XP level 6. HP: 11/37 MP: 6/6
  1135 | D:2      | Noticed Terence
  1151 | D:2      | Killed Terence
  1720 | D:4      | Noticed a black bear
  1729 | D:4      | Killed a black bear
  1880 | D:4      | Reached XP level 7. HP: 18/42 MP: 7/7
  2109 | D:4      | Reached skill level 6 in Staves
  2640 | D:5      | Entered Level 5 of the Dungeon
  2990 | D:5      | Found a staircase to the Ecumenical Temple.
  3054 | Temple   | Found a transporter.
  3054 | Temple   | Found a transporter.
  3054 | Temple   | Found a transporter.
  3054 | Temple   | Found a transporter.
  3054 | Temple   | Entered the Ecumenical Temple
  3174 | D:5      | Reached XP level 8. HP: 46/48 MP: 6/8
  3181 | D:5      | Reached skill level 7 in Staves
  3894 | D:6      | Reached skill level 5 in Fighting
  3917 | D:6      | Reached skill level 8 in Staves
  4102 | D:6      | Found Hicuo's Weapon Boutique.
  4320 | D:6      | Slain by an unseen horror

Illustrated notes

Levels and vault maps discovered:
D:1:      nzn_arrival_water_spiral, layout_rooms, serial_shops,
          nicolae_shop_pleasant_corner_grove, roderic_serpentine_path
D:2:      layout_rooms, chequers_mini_garden, minmay_distorted, uniq_sigmund,
          uniq_terence
D:3:      layout_rooms
D:4:      layout_loops_ring, nicolae_tricolors
D:5:      kennysheep_kobold_camp, layout_loops_ring, temple_hall_moat
D:6:      layout_rooms, gammafunk_ghost_smash, serial_shops, shop,
          minmay_manual_moon
Temple:   hellmonk_temple_divided_pantheon

Skill      XL: |  1  2  3  4  5  6  7  8 |
---------------+-------------------------+-----
Staves         | 4 5 6 8 |  8.5
Dodging        | 3 4 |  4.4
Fighting       | 3 4 5 |  5.6
Armour         | 1 2 3 |  3.3
Throwing       | |  1.7

Action                     |  1- 3 |  4- 6 |  7- 9 || total
---------------------------+-------+-------+-------++-------
  Melee: Quarterstaff      |   107 |   126 |   314 ||   547
         Long sword        |       |       |     1 ||     1
    Use: Potion            |     1 |     1 |     3 ||     5
 Armour: Leather armour    |    67 |    72 |   241 ||   380
  Dodge: Dodged            |    80 |    91 |   132 ||   303
